 Dungeon Crawl Stone Soup version 0.24-a0-520-g8fd06ad0bc (webtiles) character file.

Game seed: 9418504122423559552

3029 Goblin1989 the Covert (level 9, -6/81 HPs)
             Began as a Naga Berserker on July 24, 2019.
             Was an Elder of Trog.
             Mangled by an orc warrior
             ... wielding a +0 halberd
              (20 damage)
             ... on level 7 of the Dungeon.
             The game lasted 00:24:29 (10498 turns).

Goblin1989 the Covert (Naga Berserker)             Turns: 10498, Time: 00:24:29

Health: -6/81      AC: 10    Str: 20      XL:     9   Next: 86%
Magic:  9/9        EV: 10    Int: 11      God:    Trog [****..]
Gold:   611        SH:  0    Dex: 12 (13) Spells: 8/8 levels left

rFire    . . .     SeeInvis +   a - +0 short sword
rCold    + + .     Gourm    .   (no shield)
rNeg     . . .     Faith    .   t - +2 ring mail {rC+}
rPois    +         Spirit   .   q - +2 hat {Int+3}
rElec    .         Reflect  .   (no cloak)
rCorr    .         Harm     .   E - +0 pair of gloves {archery}
MR       +++..                  (no barding)
Stlth    ++++......             (no amulet)
HPRegen  1.23/turn              c - ring of protection from cold
MPRegen  0.11/turn              (no ring)

@: about to teleport, regenerating, very slow
A: large, see invisible, deformed body, poison resistance, slowness 2, slow
metabolism 1, spit poison 1, AC +3
a: Spit Poison, Berserk, Trog's Hand, Brothers in Arms, Renounce Religion


You were on level 7 of the Dungeon.
You worshipped Trog.
Trog was greatly pleased with you.
You were hungry.

You visited 1 branch of the dungeon, and saw 7 of its levels.
You also visited: Ossuary.

You collected 611 gold pieces.

Inventory:

Hand Weapons
 a - a +0 short sword (weapon)
 A - a +0 broad axe
Missiles
 m - 251 stones (quivered) {@Q3}
 w - 5 boomerangs
 C - 6 poisoned darts
 I - 8 javelins {@Q2}
Armour
 q - a +2 hat of intelligence (worn)
 t - a +2 ring mail of cold resistance (worn)
 E - a +0 pair of gloves of archery (worn)
Jewellery
 c - a ring of protection from cold (left hand)
 f - an uncursed ring of protection from fire
 v - a +4 ring of protection
Wands
 x - a wand of disintegration (10)
 z - a wand of clouds (4) {@v3}
 L - a wand of acid (11) {@v2}
 N - a wand of flame (6) {@v6}
 O - a wand of iceblast (12) {@v4}
Scrolls
 r - 2 scrolls of immolation
 y - a scroll of blinking {unknown}
 H - a scroll of enchant armour
 J - a scroll of enchant weapon {unknown}
 K - a scroll of fear {unknown}
 M - 2 scrolls of magic mapping
 P - 4 scrolls of remove curse {@r3}
 R - 3 scrolls of identify {@r1}
 T - 3 scrolls of teleportation {!r, @r2}
 W - a scroll of vulnerability {unknown}
Potions
 o - 2 potions of brilliance {unknown}
 B - a potion of ambrosia
 D - 3 potions of mutation {unknown}
 F - 4 potions of heal wounds {@q2}
 Q - 2 potions of flight {unknown}
 S - a potion of agility {@q5}
 U - a potion of cancellation
 V - 6 potions of curing {@q1}
 X - 2 potions of might {unknown}
 Y - 3 potions of lignification {unknown}
 Z - 2 potions of haste {@q3,}
Comestibles
 e - 8 rations
 G - 2 chunks of flesh


   Skills:
 + Level 5.4 Fighting
 * Level 10.1 Short Blades
 - Level 1.5 Armour
 + Level 4.0 Dodging
 + Level 10.3 Stealth


You had 8 spell levels left.
You didn't know any spells.
Your spell library was empty.

Dungeon Overview and Level Annotations

Branches:
Dungeon (7/15)             Temple (0/1) D:4

Altars:
Cheibriados
Dithmenos
Hepliaklqana
Makhleb
Okawaru
Qazlal
Trog
Wu Jian
Yredelemnul
The Shining One

Annotations:
D:3 1 runed translucent door, forest's ghost, amateur SpAs
D:6 Dowan; Duvessa


Innate Abilities, Weirdness & Mutations

You cannot wear boots.
Your serpentine skin is tough. (AC +3)
You have supernaturally acute eyesight. (SInv)
Armour fits poorly on your strangely shaped body.
Your system is resistant to poisons. (rPois)
You cover ground very slowly.
You have a slow metabolism.
You can spit poison.


Message History

The quasit claws you but does no damage. x2
You barely miss the quasit.
The quasit is severely wounded.
The quasit closely misses you.
The quasit claws you but does no damage. x2
You miss the quasit.
The quasit is severely wounded.
The quasit barely misses you. The quasit closely misses you.
The quasit barely misses you.
You hit the quasit but do no damage.
The quasit is severely wounded.
You hit the quasit.
The quasit is almost dead.
The quasit closely misses you.
The quasit claws you but does no damage. x2
You closely miss the quasit.
The quasit is almost dead.
The quasit bites you but does no damage.
The quasit claws you but does no damage.
The quasit closely misses you.
You hit the quasit but do no damage.
The quasit is almost dead.
The quasit bites you but does no damage.
The quasit claws you but does no damage.
The quasit closely misses you.
You hit the quasit but do no damage.
The quasit is almost dead.
The quasit closely misses you. The quasit barely misses you.
The quasit claws you but does no damage.
You hit the quasit but do no damage.
The quasit is almost dead.
You hit the quasit.
You kill the quasit!
Trog accepts your kill.
No target in view!
No target in view!
No target in view!
No target in view!
No target in view!
No target in view!
No target in view!
No target in view!
No target in view!
Unknown command.
An orc wizard comes into view. It is wielding a +2 dagger of venom.
You regained 2 hp, and now have 79/81 hp.
An orc wizard is nearby!
An orc wizard is nearby!
An orc priest comes into view. It is wielding a +0 war axe.
An orc warrior comes into view. It is wielding a +0 halberd.
The orc warrior shouts!
Health restored: 81 The orc warrior barely misses you.
The orc wizard shouts!
The orc priest shouts!
You puncture the orc warrior!
The orc warrior is moderately wounded.
The orc warrior hits you with a +0 halberd!
You take 8 damage, and have 73/81 hp.
You hit the orc warrior but do no damage.
The orc warrior is moderately wounded.
The orc wizard completely misses you.
You completely miss the orc warrior.
The orc warrior is moderately wounded.
The orc priest invokes the aid of Beogh against you.
Beogh smites you! The orc wizard closely misses you.
The orc warrior hits you with a +0 halberd!
You take 32 damage, and have 41/81 hp.
MASSIVE DAMAGE!!
You are too injured to fight recklessly!
You are too injured to fight recklessly!
You are too injured to fight recklessly!
You are too injured to fight recklessly!
Unknown command.
The orc wizard gestures wildly while chanting.
The orc wizard blinks!
The orc warrior hits you from afar with a +0 halberd!!
* * * LOW HITPOINT WARNING * * *
Found a stone staircase leading down.
You take 18 damage, and have 23/81 hp.
MASSIVE DAMAGE!!
The orc priest barely misses you.
Your skin crawls.
You feel resistant to hostile enchantments.
You are feeling hungry.
Unknown command.
You regained 2 hp, and now have 26/81 hp.
Really read
T - 4 scrolls of teleportation {!r, @r2}?
As you read the scroll of teleportation {!r, @r2}, it crumbles to dust.
You feel strangely unstable.
The orc warrior hits you from afar with a +0 halberd!
* * * LOW HITPOINT WARNING * * *
You take 14 damage, and have 12/81 hp.
Unknown command.
Evoke which item? (* to show all) (? for menu, Esc to quit)
Aiming: Cloud Cone
Press: ? - help, Dir - move target cursor, f - orc wizard
Aim: an orc wizard, wielding a +2 dagger of venom and wearing a +0 robe You create a blast of noxious fumes!
The orc warrior is engulfed in noxious fumes.
The orc warrior hits you from afar with a +0 halberd!!
You die...

........█..............)
.........███.██(.......
............████.......>
█............█ ██.......
█>....§§§§..██ .......
█....§§o...██ ......
██....█§o....██.. ....
█.....█o█o.......
█......@█o.......
█......██...██...
█...██. ..█..██!. █.. █.
.██...█.█ ██ ..[. .....
...█ ...... █... .....
██.


You could see an orc warrior, an orc priest and an orc wizard.

Vanquished Creatures
  Pikel (D:6)
  Grinder (D:3)
  Prince Ribbit (D:6)
  A hippogriff (D:7)
  Menkaure (D:5)
  A sky beast (D:7)
  An ice beast (D:5)
  2 centaurs (D:5)
  An ogre (D:2)
  3 bullfrogs
  2 scorpions (D:6)
  4 killer bees (D:7)
  A quasit (D:7)
  A centaur zombie (D:7)
  A jelly (D:5)
  3 orc priests
  A centaur skeleton (D:5)
  A bullfrog skeleton (D:5)
  A hound (D:4)
  6 orc wizards
  2 iguanas (D:4)
  6 worker ants
  A hound zombie (D:3)
  A hound skeleton (D:5)
  8 mummies (Ossuary)
  5 adders
  2 shadow imps (D:6)
  An adder zombie (D:5)
  7 worms
  A dart slug (D:3)
  8 leopard geckos
  24 orcs
  2 ball pythons
  5 giant cockroaches
  6 goblins
  12 hobgoblins
  2 jackals (D:3)
  4 quokkas
  A ball python zombie (D:5)
  9 bats
  7 frilled lizards
  4 gnoll zombies (Ossuary)
  2 hobgoblin zombies (Ossuary)
  8 kobolds
  A leopard gecko skeleton (D:4)
  2 orc zombies (Ossuary)
  A quokka skeleton (D:5)
  A quokka zombie (D:4)
  16 rats
183 creatures vanquished.

Vanquished Creatures (others)
  A hound zombie (D:6)
  4 orcs (D:6)
  4 jackals (D:6)
  A bat (D:2)
  A withered plant (D:3)
11 creatures vanquished.

Grand Total: 194 creatures vanquished

Notes
Turn   | Place    | Note
-------+----------+-------------------------------------------
     0 | D:1      | Goblin1989 the Naga Berserker began the quest for the Orb.
     0 | D:1      | Reached XP level 1. HP: 21/21 MP: 1/1
   123 | D:1      | Reached skill level 1 in Stealth
   269 | D:1      | Reached XP level 2. HP: 23/28 MP: 2/2
  1110 | D:2      | Reached XP level 3. HP: 25/34 MP: 3/3
  1216 | D:2      | Reached ** piety under Trog
  1540 | D:2      | Found a hazy altar of Hepliaklqana.
  1999 | D:2      | Found an ornate altar of the Wu Jian Council.
  2480 | D:2      | Found a basalt altar of Yredelemnul.
  2482 | D:2      | Noticed a profane servitor
  2491 | D:2      | Found a glowing golden altar of the Shining One.
  2493 | D:2      | Noticed an angel
  2535 | D:2      | Reached XP level 4. HP: 21/42 MP: 4/4
  2897 | D:2      | Noticed an ogre
  2906 | D:2      | Killed an ogre
  2906 | D:2      | Reached skill level 5 in Short Blades
  2906 | D:2      | Reached XP level 5. HP: 49/49 MP: 5/5
  3783 | D:3      | Noticed Grinder
  3850 | D:3      | Killed Grinder
  3850 | D:3      | Reached skill level 5 in Stealth
  3850 | D:3      | Reached XP level 6. HP: 24/56 MP: 6/6
  4023 | D:3      | Found a runed translucent door.
  4024 | D:3      | Noticed forest's ghost (amateur SpAs)
  4245 | D:3      | Reached XP level 7. HP: 62/62 MP: 7/7
  4926 | D:3      | Noticed a moth of wrath
  4929 | D:3      | Found a bloodstained altar of Trog.
  5349 | D:4      | Found a sand-covered staircase.
  5374 | D:4      | Reached *** piety under Trog
  5395 | Ossuary  | Entered an ossuary
  5710 | Ossuary  | HP: 1/62 [mummy (16)]
  6887 | D:4      | Found a shadowy altar of Dithmenos.
  6971 | D:4      | Found a snail-covered altar of Cheibriados.
  7063 | D:4      | Found a staircase to the Ecumenical Temple.
  7144 | D:5      | Entered Level 5 of the Dungeon
  7146 | D:5      | Reached XP level 8. HP: 69/69 MP: 8/8
  7389 | D:5      | Reached **** piety under Trog
  7653 | D:5      | Noticed Menkaure
  7660 | D:5      | Killed Menkaure
  8686 | D:6      | Found an iron altar of Okawaru.
  8697 | D:6      | Noticed Duvessa
  8738 | D:6      | Found a stormy altar of Qazlal.
  8739 | D:6      | Noticed Prince Ribbit
  8754 | D:6      | Killed Prince Ribbit
  8754 | D:6      | Reached XP level 9. HP: 76/79 MP: 9/9
  8891 | D:6      | Noticed Pikel
  8897 | D:6      | Found a burning altar of Makhleb.
  8907 | D:6      | Killed Pikel
  9232 | D:6      | Noticed Dowan
  9342 | D:6      | Found a glowing golden altar of the Shining One.
  9819 | D:7      | Reached skill level 5 in Fighting
  9835 | D:7      | Reached skill level 10 in Stealth
 10094 | D:7      | Reached skill level 10 in Short Blades
 10498 | D:7      | Mangled by an orc warrior

Levels and vault maps discovered:
D:1:      dpeg_arrival_three_bigger_balls, layout_rooms
D:2:      layout_loops_ring, grunt_temple_overflow_holy_war, lemuel_round_altar,
          lemuel_round_altar, serial_rivers, chequers_serial_rivers_micro_b,
          chequers_serial_rivers_marsh, chequers_serial_rivers_small_a,
          chequers_serial_rivers_room_a, minmay_hexomino_p4
D:3:      layout_loops_ring, tgw_trog, gammafunk_ghost_grave, uniq_grinder
D:4:      layout_basic, grunt_dithmenos_smoke_and_mirrors, cheibriados_altar_1,
          minmay_temple_entry_fiery, nicolae_ossuary_entry_plus
D:5:      minmay_thick_lines, layout_basic, first_ration, uniq_menkaure
D:6:      layout_cave_pools, nicolae_overflow_crystal_walls, lemuel_round_altar,
          old_standard_altar, serial_co_window_serial, co_window_corner_a,
          co_window_paths_a, co_window_cross_1, co_window_cross_1,
          co_window_corner_a, co_window_corner_a, co_window_corner_a,
          co_window_of_opportunity_c, co_window_broadway_b,
          co_window_broadway_a, glass_columns_b, glass_columns_a,
          glass_columns_a, glass_columns_a, st_stairs_13,
          nicolae_tso_swordbearing_angel, uniq_duvessa, uniq_pikel,
          uniq_prince_ribbit1
D:7:      layout_cave_pools

Skill      XL: |  1  2  3  4  5  6  7  8  9 |
---------------+----------------------------+-----
Stealth        | 1 2 3 4 5 6 7 9 10 | 10.3
Short Blades   | 4 5 6 7 9 10 | 10.1
Dodging        | 3 4 |  4.0
Fighting       | 4 5 |  5.4
Armour         | |  1.5

Action                   |  1- 3 |  4- 6 |  7- 9 || total
-------------------------+-------+-------+-------++-------
Melee: Short sword       |   165 |   149 |   543 ||   857
Throw: Stone             |       |       |    15 ||    15
Invok: Berserk           |     2 |     5 |    13 ||    20
       Trog's Hand       |       |     5 |     4 ||     9
Evoke: Wand              |       |       |     1 ||     1
  Use: Potion            |       |     3 |     1 ||     4
       Scroll            |       |       |    15 ||    15
 Stab: Sleeping          |     1 |     2 |    24 ||    27
  Eat: Chunk             |     5 |     5 |    14 ||    24
       Ration            |       |     2 |     4 ||     6
Armor: Animal skin       |    28 |    19 |     8 ||    55
       Ring mail         |       |       |   200 ||   200
Dodge: Dodged            |   100 |    83 |   221 ||   404

Table legend:
 A = Non-vault XP
 B = Vault XP
 C = Vault XP percentage of total XP
 D = Non-vault monster count
 E = Vault monster count
 F = Vault count percentage of total count
                 A         B        C        D         E       F
            +---------+---------+-------+---------+---------+-------
      Total |    2631 |    1697 |  39.2 |     149 |      34 |  18.6
            +---------+---------+-------+---------+---------+-------
        D:1 |      29 |       0 |   0.0 |      18 |       0 |   0.0
        D:2 |     172 |      11 |   6.0 |      23 |       4 |  14.8
        D:3 |     237 |     294 |  55.4 |      47 |       6 |  11.3
        D:4 |     278 |       0 |   0.0 |      17 |       0 |   0.0
        D:5 |     645 |     295 |  31.4 |      20 |       5 |  20.0
        D:6 |     286 |     939 |  76.7 |       9 |       3 |  25.0
        D:7 |     984 |       0 |   0.0 |      15 |       0 |   0.0
    Ossuary |       0 |     158 | 100.0 |       0 |      16 | 100.0
            +---------+---------+-------+---------+---------+-------

Levels and vault maps discovered:
D:1:      dpeg_arrival_three_bigger_balls, layout_rooms
D:2:      layout_loops_ring, grunt_temple_overflow_holy_war, lemuel_round_altar,
          lemuel_round_altar, serial_rivers, chequers_serial_rivers_micro_b,
          chequers_serial_rivers_marsh, chequers_serial_rivers_small_a,
          chequers_serial_rivers_room_a, minmay_hexomino_p4
D:3:      layout_loops_ring, tgw_trog, gammafunk_ghost_grave, uniq_grinder
D:4:      layout_basic, grunt_dithmenos_smoke_and_mirrors, cheibriados_altar_1,
          minmay_temple_entry_fiery, nicolae_ossuary_entry_plus
D:5:      minmay_thick_lines, layout_basic, first_ration, uniq_menkaure
D:6:      layout_cave_pools, nicolae_overflow_crystal_walls, lemuel_round_altar,
          old_standard_altar, serial_co_window_serial, co_window_corner_a,
          co_window_paths_a, co_window_cross_1, co_window_cross_1,
          co_window_corner_a, co_window_corner_a, co_window_corner_a,
          co_window_of_opportunity_c, co_window_broadway_b,
          co_window_broadway_a, glass_columns_b, glass_columns_a,
          glass_columns_a, glass_columns_a, st_stairs_13,
          nicolae_tso_swordbearing_angel, uniq_duvessa, uniq_pikel,
          uniq_prince_ribbit1
D:7:      layout_cave_pools
